Unix NetHack Version 5.0.0-0 post-release - last build Jul 19 2026 19:10:59 (3aa4ab31751d3886436d94b585a96704892fd477,branch:main).

Game began 2026-07-20 19:25:42, ended 2026-07-20 21:07:56.

KnightLite, lawful female human Archeologist

       ----
      -.|.----    ---- ----
     |.......------@@---..|
      -...--....%%).&[....|
      --.-|---------.d|.---
       |..--       |.----
  --- ---..|       |.---
 |..---....|       |...|
 |.......).|       --..--
  -........|        |...---
  --.......|        --....|
   --....---         ---..|        ....
    |...--  ----       |.---      ......
    --..|  --..-#      |...|     -.... ..
  ---|.--  |....#--    ---.----  |...<...
  |..|.|  --......|      |....----.......
  |..*.----.......-- -------............
  --..............[---...| ---...---...
   |.....--#.#-..-(..(...|   -----  -
   --.---######.*|--.-----
    ---  ##  #     ---
KnightLite the Investigator  St:16 Dx:13 Co:25 In:14 Wi:16 Ch:7  Lawful
Dlvl:10 $:751 HP:0(59) Pw:40(40) AC:0  Xp:7 T:8199  Burdened

Latest messages:
 The djinni swings her curved sword at the Mordor orc.
 The djinni hits the Mordor orc.
 The Mordor orc is killed!
 The djinni swings her curved sword at the Woodland-elf.
 The djinni misses the Woodland-elf.
 The large dog drops a runed dagger.
 You see here a rotted runed short sword.
 The djinni swings her curved sword at it.
 The djinni hits it.
 The djinni picks up a knife.
 You swap places with your djinni.
 You see here a thonged club.
 You have a little trouble lifting $ - 28 gold pieces (751 in total).
 You see here a thonged club.
 You see here a rotted runed short sword.
 The large dog picks up a very rusty +0 hard hat.
 The djinni drops a knife.
 The Woodland-elf wields a runed broadsword!
 The djinni picks up a thonged club.
 The djinni swings her curved sword at the Woodland-elf.
 The djinni hits the Woodland-elf.
 The Woodland-elf swings her runed broadsword at the djinni.
 The Woodland-elf misses the djinni.
 The djinni drops a thonged club.
 The large dog drops a very rusty +0 hard hat.
 You see here a thonged club.
 It is missed.
 The knife misses the Woodland-elf.
 The knife hits the Woodland-elf!
 The knife misses the Woodland-elf.
 The knife hits the Woodland-elf.
 The Woodland-elf swings her runed broadsword.
 The Woodland-elf hits!
 You kill the Woodland-elf!
 You miss the Woodland-elf.
 The Woodland-elf swings her runed broadsword.
 The Woodland-elf hits!
 The large dog picks up a knife.
 The Woodland-elf swings her runed broadsword.
 The Woodland-elf hits!
 You see here a rotted runed short sword.
 You hit the Woodland-elf!
 The Woodland-elf swings her runed broadsword.
 The Woodland-elf hits!
 The djinni swings her curved sword at the Woodland-elf.
 The djinni misses the Woodland-elf.
 The Woodland-elf swings her runed broadsword.
 The Woodland-elf hits!
 You die...
 Do you want your possessions identified? [ynq] (y) q

Inventory:
 Coins    ('$')
  $ - 751 gold pieces
 Weapons  (')')
  D - the rustproof +2 Ogresmasher (weapon in right hand)
 Armor    ('[')
  t - an uncursed rotted +0 pair of leather gloves (being worn)
  K - a cursed thoroughly rusty +0 pair of iron shoes (being worn)
  I - an uncursed rotted +0 elven shield (being worn)
  p - an uncursed +0 cloak of displacement (being worn)
  F - a blessed +0 elven mithril-coat (being worn)
 Comestibles  ('%')
  z - an uncursed slime mold
  S - 2 cursed food rations
 Scrolls  ('?')
  n - a blessed scroll of blank paper
  W - a cursed scroll of confuse monster
  H - 2 uncursed scrolls of create monster
  U - an uncursed scroll of enchant armor
  o - 2 uncursed scrolls of enchant weapon
  V - an uncursed scroll of light
 Potions  ('!')
  M - a cursed potion of extra healing
  d - an uncursed potion of invisibility
  a - a cursed potion of sickness
 Rings    ('=')
  B - a blessed +1 ring of gain constitution
 Wands    ('/')
  T - a cursed wand of cancellation (0:6)
  J - a wand of striking (0:5)
  P - a wand of striking (0:2)
  R - a wand of teleportation (0:5)
 Tools    ('(')
  h - an empty uncursed sack
  G - a bag of tricks (0:7)
  e - an uncursed blindfold
  u - an uncursed lock pick
  Z - a cursed magic marker (0:92)
  j - an uncursed magic whistle
  x - an uncursed oil lamp (lit)
  f - a tinning kit (0:74)
  Q - a +0 unicorn horn
 Gems/Stones  ('*')
  A - an uncursed obsidian stone
  E - a cursed loadstone
  g - an uncursed touchstone
 Special
 (list likely candidates)

KnightLite the Archeologist's attributes:

Background:
 You were an Investigator, a level 7 female human Archeologist.
 You were lawful, on a mission for Quetzalcoatl
 who was opposed by Camaxtli (neutral) and Huhetotl (chaotic).
 You were right-handed.
 You were in the Gnomish Mines, on level 10.
 You entered the dungeon 8199 turns ago.
 You had 959 experience points, 321 more were needed to attain level 8.

Basics:
 You had 0 out of 59 hit points.
 You had all 40 energy points (spell power).
 Your armor class was 0.
 Your wallet contained 751 zorkmids.
 Autopickup was on for '0' plus thrown, with exceptions.

Final Characteristics:
 Your strength was 16 (limit:18/100).
 Your dexterity was 13 (limit:18).
 Your constitution was 25 (base:14, innate limit:18).
 Your intelligence was 14 (limit:18).
 Your wisdom was 16 (limit:18).
 Your charisma was 7 (limit:18).

Final Status:
 You weren't hungry.
 You were burdened; movement was slightly slowed.
 You were wielding a hammer.
 You had basic skill with hammer.

Final Attributes:
 You were piously aligned.
 You were poison resistant.
 You were telepathic.
 You had automatic searching.
 You were displaced.
 You were stealthy.
 You had a small defense bonus (+3).
 You were guarded.
 Your spell casting was impaired by metallic armor.
 You are dead.

Miscellaneous:
 You encountered 1 bones level.
 Total elapsed playing time was 1 hour, 42 minutes and 13 seconds.

Major events:
 Turn
    1: KnightLite the lawful female human Archeologist entered the dungeon
  798: attained the rank of Field Worker (level 3)
 2249: entered the Gnomish Mines
 3578: reached Mine Town
 5182: attained the rank of Investigator (level 6)
 6313: was bestowed with Ogresmasher by Quetzalcoatl
 8199: killed by a Woodland-elf

Spells:
 Name                 Level Category     Fail Retention
 restore ability        4   healing      100%  76%-100%
 cure sickness          3   healing      100%  76%-100%

Skills:
 Fighting Skills
   bare handed combat [Unskilled]
   two weapon combat  [Unskilled]
   riding             [Unskilled]
 Weapon Skills
   dagger             [Unskilled]
   knife              [Unskilled]
   pick-axe           [Skilled]
   short sword        [Unskilled]
   saber              [Unskilled]
   club               [Unskilled]
   hammer             [Basic]
   quarterstaff       [Unskilled]
   sling              [Unskilled]
   dart               [Unskilled]
   boomerang          [Unskilled]
   whip               [Basic]
   unicorn horn       [Unskilled]
 Spellcasting Skills
   attack spells      [Unskilled]
   healing spells     [Unskilled]
   divination spells  [Unskilled]
   matter spells      [Unskilled]

Voluntary challenges:
 Character rerolling was not enabled.
 You never genocided any monsters.
 You never polymorphed an object.
 You never changed form.
 You used no wishes.
Achievements:
 You attained the rank of Field Worker.
 You entered a shop.
 You entered the Gnomish Mines.
 You entered Minetown.
 You entered a temple.
 You attained the rank of Investigator.

 The Dungeons of Doom: levels 1 to 4
    Level 1:
    Level 2:
    Level 3:
       A general store.
       Stairs down to The Gnomish Mines.
    Level 4:
       An altar to Quetzalcoatl.
 The Gnomish Mines: levels 4 to 10
    Level 4:
    Level 5:
    Level 6:
       Many shops, a temple and an altar to Quetzalcoatl, many fountains.
    Level 7:
    Level 8:
    Level 9:
       A grave.
       Final resting place for
          Brudee-Rog-Hum-Fem-Cha, killed by a dwarf king.
    Level 10: <- You were here.
       Final resting place for
          you, killed by a Woodland-elf.


Vanquished creatures:
  a ghost
  a small mimic
  a dwarf ruler
  4 watchmen
  5 wolves
  a gnome ruler
  5 brown puddings
  a rust monster
 an owlbear
  a yeti
  a gray unicorn
  a black unicorn
  a dust vortex
  6 Woodland-elves
  a water nymph
  4 Mordor orcs
 an orc shaman
  a rock piercer
  2 ponies
  a fog cloud
  a yellow light
 14 gnome leaders
  a gnomish wizard
  a kobold mummy
  a gray ooze
  2 elf zombies
  a ghoul
  a paper golem
  a giant ant
  2 floating eyes
 13 dwarves
  a homunculus
  2 kobold leaders
  4 hill orcs
  2 rothes
  3 giant bats
  a monkey
  2 wererats
  3 werejackals
  5 iguanas
  4 acid blobs
  5 hobbits
  2 hobgoblins
  3 cave spiders
  a brown mold
  a yellow mold
  a green mold
 49 gnomes
  a garter snake
  a gnome zombie
  5 geckos
 11 jackals
  2 foxes
  3 kobolds
  a goblin
  3 sewer rats
  9 grid bugs
  a bat
 11 lichens
  3 kobold zombies
  4 newts
222 creatures vanquished.

No species were genocided or became extinct.

Game over:
                       ----------
                      /          \
                     /    REST    \
                    /      IN      \
                   /     PEACE      \
                  /                  \
                  |    KnightLite    |
                  |      751 Au      |
                  |   killed by a    |
                  |   Woodland-elf   |
                  |                  |
                  |                  |
                  |       2026       |
                 *|     *  *  *      | *
        _________)/\\_//(\/(/\)/\//\/|_)_______

Goodbye KnightLite the Archeologist...

You died in The Gnomish Mines on dungeon level 10 with 4992 points,
and 751 pieces of gold, after 8199 moves.
You were level 7 with a maximum of 59 hit points when you died.

